 Dungeon Crawl Stone Soup version 0.30-a0-371-gad7725a93e (webtiles) character file.

Game seed: 2942697613362702861

117560 Lobster4 the Fighter (level 17, -4/128 HPs)
             Began as a Djinni Fire Elementalist on Nov 22, 2022.
             Was the Champion of Makhleb.
             Slain by a culicivora (6 damage)
             ... on level 2 of the Spider Nest.
             The game lasted 02:18:48 (34955 turns).

Lobster4 the Fighter (Djinni Fire Elementalist)    Turns: 34955, Time: 02:18:49

Health: -4/128     AC: 21    Str:  7    XL:     17   Next: 29%
Gold:   2393       EV:  9    Int: 32    God:    Makhleb [******] SH: 32 Dex: 20

rFire   + + +      SeeInvis +    U - +8 rapier "Killer Klown's Curse" {vorpal, Fly rPois Int+4}
rCold   . . .      Faith    .    X - +18 shield of the Gong {rElec rN+ Will+ EV-5}
rNeg    + + .      Spirit   .    W - +5 ring mail of Slovenliness {rC+ rCorr Slay-2}
rPois   ∞          Reflect  .    t - +2 helmet
rElec   +          Harm     .    h - +2 cloak {Will+}
rCorr   +          Rampage  .    z - +1 pair of gloves
Will    +++..                    (boots unavailable)
Stlth   ++........               n - amulet of the acrobat
HPRegen 0.41/turn                S - ring "Ymaog" {rN+ Dex+3 SInv}
MPRegen 0.00/turn                p - ring "Tingeoh" {rF+ MP+9 Int+4 Dex+2}

@: about to teleport, spiked, flying, studying 2 skills
A: sickness immunity, fire resistance 2, cold vulnerability 1, float, innate
caster, HP casting, extra vitality 1
a: Renounce Religion, Minor Destruction, Lesser Servant of Makhleb, Major
Destruction, Greater Servant of Makhleb


You were on level 2 of the Spider Nest.
You worshipped Makhleb.
Makhleb was exalted by your worship.
You visited 5 branches of the dungeon, and saw 25 of its levels.
You also visited: Ossuary, Gauntlet and Volcano.

You collected 2734 gold pieces.
You spent 341 gold pieces at shops.

Inventory:

Hand Weapons
 a - the +5 quick blade of Hard Scrabble {vamp, Int+5 Dex+4 Stlth-}
   (You acquired it on level 14 of the Dungeon)

   It occasionally heals its wielder for a portion of the damage dealt when it
   wounds a living foe.
   Int:       It affects your intelligence (+5).
   Dex:       It affects your dexterity (+4).
   Stlth:     It makes you less stealthy.
 b - a +0 sling
 U - the +8 rapier "Killer Klown's Curse" (weapon) {vorpal, Fly rPois Int+4}
   (You found it on level 4 of the Dungeon)

   It inflicts extra damage upon your enemies.
   Int:       It affects your intelligence (+4).
   rPois:     It protects you from poison.
   Fly:       It grants you flight.
Missiles
 e - 17 javelins
 C - 31 poisoned darts (quivered)
 G - 6 silver javelins
 J - 7 boomerangs of dispersal
 Z - 2 boomerangs
Armour
 h - a +2 cloak of willpower (worn)
 t - a +2 helmet (worn)
 z - a +1 pair of gloves (worn)
 F - a +2 robe of cold resistance
 Q - a +1 scale mail of fire resistance
 W - the +5 ring mail of Slovenliness (worn) {rC+ rCorr Slay-2}
   (You found it in a Gauntlet)

   Slay:      It affects your accuracy & damage with ranged weapons and melee
   (-2).
   rC:        It protects you from cold.
   rCorr:     It protects you from acid and corrosion.
 X - the +18 shield of the Gong (worn) {rElec rN+ Will+ EV-5}
   (You found it in a Gauntlet)

   It is deafeningly noisy when blocking attacks.
   EV:        It affects your evasion (-5).
   rElec:     It insulates you from electricity.
   rN:        It protects you from negative energy.
   Will:      It increases your willpower.
Jewellery
 f - a ring of protection from fire
 n - an amulet of the acrobat (around neck)
 p - the ring "Tingeoh" (right hand) {rF+ MP+9 Int+4 Dex+2}
   (You found it on level 9 of the Dungeon)

   [ring of protection from fire]

   Int:       It affects your intelligence (+4).
   Dex:       It affects your dexterity (+2).
   rF:        It protects you from fire.
   MP:        It affects your magic capacity (+9).
 H - a ring of ice
 I - a ring of willpower
 L - an amulet of reflection
 S - the ring "Ymaog" (left hand) {rN+ Dex+3 SInv}
   (You found it on level 5 of the Lair of Beasts)

   [ring of positive energy]

   Dex:       It affects your dexterity (+3).
   rN:        It protects you from negative energy.
   SInv:      It lets you see invisible.
Wands
 k - a wand of mindburst (6)
 q - a wand of flame (52)
 s - a wand of polymorph (8)
 B - a wand of light (6)
 P - a wand of roots (20)
 R - a wand of charming (4)
Scrolls
 d - 3 scrolls of immolation
 g - a scroll of magic mapping
 j - a scroll of enchant armour
 v - a scroll of poison
 w - 2 scrolls of enchant weapon
 x - 4 scrolls of teleportation
 y - a scroll of fog
 D - 2 scrolls of fear
 E - 5 scrolls of identify
Potions
 c - 5 potions of might
 i - 11 potions of curing
 l - 2 potions of haste
 m - a potion of invisibility
 o - a potion of berserk rage
 r - 11 potions of brilliance
 A - 3 potions of lignification
 M - 2 potions of ambrosia
 N - 2 potions of cancellation
 O - 3 potions of resistance
 T - a potion of heal wounds
Miscellaneous
 u - a condenser vane
 K - a phial of floods
 Y - a lightning rod (4/4)


   Skills:
 + Level 13.6 Fighting
 + Level 12.9 Short Blades
 - Level 1.0 Throwing
 - Level 10.0 Armour
 - Level 10.0 Dodging
 - Level 2.0 Stealth
 + Level 12.8 Shields
 + Level 11.7 Spellcasting
 - Level 3.0 Invocations
 - Level 3.0 Evocations


You couldn't memorise any spells.
You knew the following spells:

 Your Spells              Type           Power      Damage    Failure   Level
a - Foxfire               Conj/Fire      100%       2x1d9     1%          1
b - Scorch                Fire           100%       2d10      1%          2
c - Sandblast             Erth           100%       2d20      1%          1
d - Inner Flame           Hex/Fire       76%        N/A       1%          3
e - Animate Armour        Summ/Erth      100%       N/A       1%          4
f - Kindle Blastsparks    Fire/Tloc/Air  100%       2d18      1%          3
g - Ensorcelled Hibernat  Hex/Ice        100%       N/A       1%          2
h - Spider Form           Tmut/Pois      76%        N/A       1%          3
i - Swiftness             Air            76%        N/A       1%          3
j - Blade Hands           Tmut           38%        N/A       3%          5
k - Summon Cactus Giant   Summ           38%        N/A       17%         6
l - Ozocubu's Refrigerat  Ice            38%        4d15      67%         7
w - Flame Wave            Conj/Fire      76%        2d17      1%          4
Your spell library was empty.

Dungeon Overview and Level Annotations

Branches:
Dungeon (15/15)            Temple (1/1) D:4            Lair (5/5) D:11
 Shoals (0/4) Lair:2       Spider (2/4) Lair:2        Slime (0/5) Lair:5
    Orc (2/2) D:9             Elf (0/3) Orc:2        Vaults (0/5) D:13
 Depths (0/4) D:15        Ossuary (visited)         Volcano (visited)
Gauntlet (visited)

Altars:
Ashenzari
Cheibriados
Dithmenos
Elyvilon
Fedhas
Gozag
Hepliaklqana
Makhleb
Nemelex Xobeh
Okawaru
Qazlal
Ru
Trog
Uskayaw
Wu Jian
Xom
Yredelemnul
Zin
The Shining One

Shops:
D:6 ?   Orc:1 *   Orc:2 ([:[

Annotations:
D:9 1 exclusion
D:12 2 transporters, baller8008's ghost, journeyman HOFi


Innate Abilities, Weirdness & Mutations

You are immune to sickness and miasma.
You are immune to poison.
Your flesh is very heat resistant. (rF++)
You are vulnerable to cold. (rC-)
You float through the air rather than walking.
You learn spells naturally, not from books.
Your magical power is your life essence.
You have superior vitality. (+4 MHP)


Message History

You block the demonic crawler's attack.
BONNNG!
The moth of wrath goads the culicivora on!
The culicivora goes berserk!
The boulder beetle bites you but does no damage.
You block the culicivora's attack.
PANG!
The demonic crawler hits you.
* * * LOW HITPOINT WARNING * * *
The demonic crawler hits you.
* * * LOW HITPOINT WARNING * * *
The demonic crawler hits you.
* * * LOW HITPOINT WARNING * * *
You feel much better. You block the culicivora's attack.
BOUMMMMG!
You block the boulder beetle's attack.
GONNNNG!
You block the culicivora's attack.
GONNNNG!
You block the demonic crawler's attack.
BONNNG!
The demonic crawler hits you.
* * * LOW HITPOINT WARNING * * *
The demonic crawler hits you but does no damage.
You block the boulder beetle's attack.
GONNNNG!
The culicivora barely misses you.
As you read the scroll of teleportation, it crumbles to dust.
You feel strangely unstable. The culicivora bites you!!
* * * LOW HITPOINT WARNING * * *
You block the boulder beetle's attack.
GONNNNG!
You block the demonic crawler's attack.
BONNNG!
You block the demonic crawler's attack.
GONNNNG!
You block the demonic crawler's attack.
BOUMMMMG!
The culicivora bites you.
You die...

##......#.......
###............[..
#~.#..#.^..#......
#~..#...^....#s...
#......#.....#.#
####...##.#!...^#
#.......#..<#...#..
#........†#s.......
##..#..^.B@[.y.....
#.......†s†......#
#≈#..........#.#..
#≈≈≈.#.#..#[.^s...
#≈≈~#w.^.#..#.#...
###≈^......#..s.##
#~~.!#.#...#...
##~#... ..[. ..


You could see a boulder beetle (berserk), a steelbarb worm (fleeing), a demonic
crawler, a moth of wrath (fleeing), an orb spider (charged, fleeing), a
culicivora (berserk) and a redback (fleeing).

Vanquished Creatures
  A tengu reaver (D:14)
  An emperor scorpion (Spider:1)
  A quicksilver ooze (Lair:5)
  A dire elephant (Lair:5)
  2 spark wasps (Spider:2)
  An entropy weaver (Spider:1)
  A fire dragon (D:15)
  10 hydras
  4 vault guards (D:13)
  A hell beast (Gauntlet)
  Erolcha (D:13)
  A jorogumo (Spider:2)
  5 centaur warriors
  4 two-headed ogres
  A radroach (Lair:2)
  2 boulder beetles
  A spectral dire elephant (Lair:5)
  3 death yaks
  Urug (D:13)
  An orc high priest (Orc:2)
  Amaemon (Lair:1)
  2 skeletal warriors (Volcano)
  A spectral death yak (Lair:5)
  3 steelbarb worms (Spider:1)
  An orb spider (Spider:1)
  An obsidian statue (Lair:5)
  A phantasmal warrior (D:14)
  3 necromancers
  3 wizards
  3 orc knights
  3 anaconda skeletons (Volcano)
  A deep elf zephyrmancer (D:9)
  The ghost of arthad the Trooper, a novice VSFi of Gozag (D:8)
  6 orc sorcerers
  10 ugly things
  3 wolf spiders (Spider:2)
  4 deep elf pyromancers
  An oklob plant (D:12)
  A cyclops (D:12)
  Maurice (Orc:1)
  A cyclops (shapeshifter) (D:14)
  3 elephants (Lair:5)
  2 manticores
  2 naga magi (D:15)
  A moth of wrath (Spider:1)
  2 merfolk sirens (Lair:2)
  6 gargoyles
  2 centaur skeletons (D:15)
  2 black mambas
  2 torpor snails
  An orange demon (Lair:1)
  12 cane toads
  2 unseen horrors
  A rime drake (shapeshifter) (D:15)
  A freezing wraith (D:13)
  2 demonic crawlers
  13 komodo dragons
  4 trolls
  3 polar bears
  4 meliai
  3 hornets
  4 tarantellas
  9 blink frogs
  3 harpy skeletons (Volcano)
  16 slime creatures
  A spectral elephant (Lair:5)
  7 jumping spiders
  An alligator skeleton (Volcano)
  2 shadows
  12 culicivoras
  A wraith (D:10)
  38 yaks
  A vampire (D:11)
  6 flying skulls
  6 wyverns
  5 basilisks
  A water elemental (D:14)
  A fire bat (shapeshifter) (D:15)
  Grum (Lair:1)
  14 vampire mosquitoes
  Menkaure (D:7)
  2 steam dragons
  28 redbacks
  A warg (Orc:1)
  9 water moccasins
  4 acid dragons
  A spectral cane toad (Lair:5)
  4 ice beasts
  2 swamp drakes (Lair:1)
  5 black bears (D:11)
  28 orc warriors
  2 sky beasts
  12 ogres
  8 wolves
  7 centaurs
  A boggart (D:9)
  2 elephant skeletons (Lair:5)
  A phantom (D:6)
  2 kobold brigands
  2 elf zombies (Ossuary)
  A necrophage (D:6)
  5 scorpions
  13 bullfrogs
  A cane toad simulacrum (Lair:5)
  8 wights
  20 killer bees
  3 elephant simulacra (Lair:5)
  An oklob sapling (D:12)
  6 howler monkeys
  A spriggan skeleton (Volcano)
  3 troll skeletons (Volcano)
  5 electric eels
  10 centaur zombies
  8 jellies
  2 human zombies (Ossuary)
  29 orc priests
  6 hounds
  8 iguanas
  45 orc wizards
  3 mummies (Ossuary)
  Robin (D:3)
  A gnoll (D:1)
  26 adders
  2 shadow imps (D:7)
  2 white imps
  2 ufetubi
  A worm (D:3)
  6 dart slugs
  72 orcs
  14 ball pythons
  4 endoplasms
  2 giant cockroaches (D:4)
  21 goblins
  16 hobgoblins
  6 jackals
  6 quokkas
  4 bats
  3 frilled lizards (D:1)
  22 kobolds
  7 rats
  A bush (Lair:5)
810 creatures vanquished.

Vanquished Creatures (collateral kills)
  A minotaur (Gauntlet)
  A dire elephant (Lair:5)
  Fannar (D:11)
  4 vault guards (D:13)
  2 boulder beetles
  3 death yaks
  A spectral death yak (Lair:5)
  2 orc knights (D:9)
  A necromancer (Lair:5)
  A cyclops (D:15)
  An ugly thing (D:13)
  An elephant (Lair:5)
  A cane toad (Lair:5)
  An efreet (D:15)
  A komodo dragon (Lair:1)
  A slime creature (D:15)
  A vampire (D:13)
  2 death yak simulacra (Lair:5)
  A spectral cane toad (Lair:5)
  An iguana (Lair:1)
  An orc (D:8)
  2 ball pythons (D:12)
  29 foxfires
60 creatures vanquished.

Vanquished Creatures (others)
  2921 foxfires
  65 fungi
  84 plants
  34 withered plants (Lair:5)
3104 creatures vanquished.

Grand Total: 3974 creatures vanquished

Notes
Turn   | Place    | Note
-------+----------+-------------------------------------------
     0 | D:1      | Lobster4 the Djinni Fire Elementalist began the quest for
                  | the Orb.
     0 | D:1      | Lobster4 set off with the following spells memorised:
                  | Foxfire, Scorch, Kindle Blastsparks, Inner Flame, Flame
                  | Wave.
     0 | D:1      | Reached XP level 1. HP: 15/15 MP: 0/0
    96 | D:1      | Reached XP level 2. HP: 17/22 MP: 0/0
   443 | D:1      | Reached XP level 3. HP: 24/26 MP: 0/0
   443 | D:1      | Learned a level 1 spell: Sandblast
   523 | D:1      | Reached skill level 1 in Fighting
   523 | D:1      | Reached skill level 1 in Armour
   979 | D:2      | Reached XP level 4. HP: 28/32 MP: 0/0
  1424 | D:2      | Reached XP level 5. HP: 33/38 MP: 0/0
  1424 | D:2      | Learned a level 2 spell: Ensorcelled Hibernation
  1783 | D:3      | Found a hazy altar of Hepliaklqana.
  1785 | D:3      | Found a stormy altar of Qazlal.
  1785 | D:3      | Found an opulent altar of Gozag.
  1810 | D:3      | Found a faded altar of an unknown god.
  1902 | D:3      | Reached skill level 2 in Fighting
  2027 | D:3      | Noticed Robin
  2039 | D:3      | Killed Robin
  2100 | D:3      | Found a snail-covered altar of Cheibriados.
  2128 | D:3      | Reached skill level 1 in Shields
  2379 | D:3      | Reached skill level 1 in Evocations
  2379 | D:3      | Reached XP level 6. HP: 38/43 MP: 0/0
  2731 | D:4      | Identified the +8 rapier "Killer Klown's Curse" {vorpal,
                  | Fly rPois Int+4}
  2899 | D:4      | Found a staircase to the Ecumenical Temple.
  2913 | Temple   | Entered the Ecumenical Temple
  3316 | D:4      | Reached skill level 1 in Short Blades
  3316 | D:4      | Reached XP level 7. HP: 44/49 MP: 0/0
  3316 | D:4      | Learned a level 3 spell: Spider Form
  3669 | D:4      | Reached skill level 3 in Fighting
  4022 | D:5      | Entered Level 5 of the Dungeon
  4041 | D:5      | Reached XP level 8. HP: 49/56 MP: 0/0
  4451 | D:5      | Noticed a yak
  4564 | D:5      | Reached skill level 1 in Throwing
  4768 | D:5      | Found a broken altar of Ashenzari.
  4807 | D:5      | Found a hide-covered altar of Uskayaw.
  4878 | D:5      | Found a white marble altar of Elyvilon.
  4879 | D:5      | Found an iron altar of Okawaru.
  4880 | D:5      | Found a blossoming altar of Fedhas.
  4882 | D:5      | Found a sacrificial altar of Ru.
  4883 | D:5      | Found a basalt altar of Yredelemnul.
  5022 | D:5      | Found a glowing golden altar of the Shining One.
  5031 | D:5      | Found a bloodstained altar of Trog.
  5143 | D:5      | Killed a yak
  5144 | D:5      | Reached skill level 4 in Fighting
  5250 | D:6      | Reached XP level 9. HP: 52/62 MP: 0/0
  5250 | D:6      | Learned a level 3 spell: Swiftness
  5537 | D:6      | Found a sand-covered staircase.
  5650 | Ossuary  | Entered an ossuary
  5696 | Ossuary  | Reached skill level 5 in Armour
  5872 | Ossuary  | Reached skill level 5 in Fighting
  6289 | D:6      | Found Ulaj's Magic Scroll Shop.
  6297 | D:6      | Bought a scroll of identify for 28 gold pieces
  6297 | D:6      | Bought a scroll of magic mapping for 105 gold pieces
  6297 | D:6      | Bought a scroll of blinking for 105 gold pieces
  6305 | D:6      | Bought a scroll of identify for 28 gold pieces
  6305 | D:6      | Bought a scroll of teleportation for 42 gold pieces
  6327 | D:6      | Reached skill level 5 in Shields
  6327 | D:6      | Reached skill level 5 in Spellcasting
  6592 | D:6      | Reached XP level 10. HP: 65/71 MP: 0/0
  7397 | D:7      | Reached skill level 6 in Fighting
  7916 | D:7      | Noticed Menkaure
  7922 | D:7      | Killed Menkaure
  8366 | D:7      | Reached skill level 5 in Short Blades
  8473 | D:8      | Reached skill level 7 in Fighting
  8698 | D:8      | Noticed arthad's ghost (novice VSFi)
  8698 | D:8      | Noticed a two-headed ogre
  8709 | D:8      | Killed a two-headed ogre
  8710 | D:8      | Reached XP level 11. HP: 73/79 MP: 0/0
  8710 | D:8      | Learned a level 4 spell: Animate Armour
  8747 | D:8      | Found a runed translucent door.
  9371 | D:8      | Noticed a two-headed ogre
  9394 | D:8      | Killed a two-headed ogre
  9739 | D:8      | Found a glowing silver altar of Zin.
  9740 | D:8      | Found a burning altar of Makhleb.
  9747 | D:8      | Noticed an angel
  9748 | D:8      | Noticed a balrug
  9751 | D:8      | Became a worshipper of Makhleb the Destroyer
 10325 | D:9      | Reached skill level 8 in Fighting
 10350 | D:9      | Found a staircase to the Orcish Mines.
 10614 | D:9      | Found an ornate altar of the Wu Jian Council.
 11230 | D:9      | Reached * piety under Makhleb
 11334 | D:9      | Noticed a five-headed hydra
 11335 | D:9      | Found a runed translucent door.
 11337 | D:9      | Noticed an orc knight
 11337 | D:9      | Noticed a deep elf pyromancer
 11337 | D:9      | Noticed a deep elf zephyrmancer
 11337 | D:9      | Noticed an orc knight
 11586 | D:9      | Found a shadowy altar of Dithmenos.
 11589 | D:9      | Found a shimmering altar of Xom.
 11591 | D:9      | Found a sparkling altar of Nemelex Xobeh.
 11722 | D:10     | Entered Level 10 of the Dungeon
 12241 | D:10     | Noticed a two-headed ogre
 12246 | D:10     | Killed a two-headed ogre
 13435 | D:11     | Reached XP level 12. HP: 58/88 MP: 0/0
 13548 | D:11     | Noticed a boulder beetle
 13922 | D:11     | Reached ** piety under Makhleb
 14034 | D:11     | Reached skill level 9 in Fighting
 14264 | D:11     | Noticed a two-headed ogre
 14305 | D:11     | Killed a two-headed ogre
 14340 | D:11     | Noticed Fannar
 14505 | Orc:1    | Entered Level 1 of the Orcish Mines
 14519 | Orc:1    | Noticed Maurice
 14521 | Orc:1    | Reached skill level 5 in Dodging
 14629 | Orc:1    | Killed Maurice
 14864 | Orc:2    | Entered Level 2 of the Orcish Mines
 15280 | Orc:2    | Found a staircase to the Elven Halls.
 15303 | Orc:2    | Reached *** piety under Makhleb
 16191 | Orc:1    | Found Xeuhug's General Store.
 16199 | Orc:1    | Bought a potion of curing for 33 gold pieces
 16229 | Orc:1    | Reached XP level 13. HP: 45/90 MP: 0/0
 16229 | Orc:1    | Learned a level 5 spell: Blade Hands
 16692 | Orc:2    | Found Huumanun's Armour Shoppe.
 16692 | Orc:2    | Found Idaschumi's Antique Armour Emporium.
 16693 | Orc:2    | Found Xeghe's Weapon Emporium.
 16769 | Orc:2    | Found Xibopett's Book Shoppe.
 16797 | Orc:2    | Reached **** piety under Makhleb
 17330 | Orc:2    | Reached skill level 10 in Fighting
 17548 | D:11     | Killed Fannar
 17705 | D:11     | Found a staircase to the Lair.
 18149 | Lair:1   | Entered Level 1 of the Lair of Beasts
 18157 | Lair:1   | Noticed Grum
 18162 | Lair:1   | Killed Grum
 18282 | Lair:1   | Found a dark tunnel.
 18291 | Volcano  | Entered a volcano
 18454 | Volcano  | Reached ***** piety under Makhleb
 19469 | Lair:1   | Noticed an eight-headed hydra
 19477 | Lair:1   | Killed an eight-headed hydra
 19528 | Lair:1   | Noticed an eight-headed hydra
 19538 | Lair:1   | Killed an eight-headed hydra
 19652 | Lair:1   | Noticed Amaemon
 19658 | Lair:1   | Killed Amaemon
 19659 | Lair:1   | Reached XP level 14. HP: 94/103 MP: 0/0
 20583 | Lair:2   | Found a hole to the Spider Nest.
 20861 | Lair:2   | Reached skill level 11 in Fighting
 21053 | Lair:2   | Reached skill level 10 in Shields
 21284 | Lair:2   | Found a staircase to the Shoals.
 21973 | Lair:3   | Found a gate leading to a gauntlet.
 21985 | Gauntlet | Entered a Gauntlet
 21985 | Gauntlet | Found a transporter.
 22061 | Gauntlet | Found a transporter.
 22061 | Gauntlet | Found a transporter.
 22062 | Gauntlet | Found a transporter.
 22070 | Gauntlet | Found a transporter.
 22073 | Gauntlet | Found a transporter.
 22074 | Gauntlet | Found a transporter.
 22086 | Gauntlet | Found a transporter.
 22087 | Gauntlet | Found a transporter.
 22087 | Gauntlet | Found a transporter.
 22098 | Gauntlet | Found a transporter.
 22099 | Gauntlet | Found a transporter.
 22107 | Gauntlet | Found a transporter.
 22141 | Gauntlet | Found a transporter.
 22678 | Gauntlet | Noticed a minotaur
 22693 | Gauntlet | Killed a minotaur
 22697 | Gauntlet | Found the +18 shield of the Gong {rElec rN+ Will+ EV-5}
 22748 | Gauntlet | Identified the +5 ring mail of Slovenliness {rC+ rCorr
                  | Slay-2}
 22753 | Gauntlet | Got the Guidebook on Transposition
 24441 | Lair:4   | Reached skill level 10 in Short Blades
 25004 | Lair:5   | Entered Level 5 of the Lair of Beasts
 25111 | Lair:5   | Noticed a dire elephant
 25111 | Lair:5   | Noticed a dire elephant
 25116 | Lair:5   | Noticed a dire elephant
 25299 | Lair:5   | Reached XP level 15. HP: 112/112 MP: 0/0
 25299 | Lair:5   | Learned a level 6 spell: Summon Cactus Giant
 25315 | Lair:5   | Reached ****** piety under Makhleb
 25444 | Lair:5   | Reached skill level 10 in Armour
 25497 | Lair:5   | Found a staircase to the Slime Pits.
 25623 | Lair:5   | Identified the +1 ring mail "Husiepp" {rF+}
 25868 | Lair:5   | Noticed a quicksilver ooze
 25877 | Lair:5   | Killed a quicksilver ooze
 26161 | Lair:5   | Reached skill level 12 in Fighting
 27332 | Lair:5   | Identified the ring "Ymaog" {rN+ Dex+3 SInv}
 27903 | D:12     | Reached skill level 10 in Spellcasting
 28049 | D:12     | Found a transporter.
 28061 | D:12     | Noticed baller8008's ghost (journeyman HOFi)
 28787 | D:12     | Found a transporter.
 29118 | D:13     | Found a gate to the Vaults.
 29152 | D:13     | Noticed Urug
 29155 | D:13     | Reached skill level 1 in Invocations
 29367 | D:13     | Killed Urug
 29622 | D:13     | Reached XP level 16. HP: 77/120 MP: 0/0
 29746 | D:13     | Noticed Erolcha
 29756 | D:13     | Killed Erolcha
 30526 | D:14     | Noticed a tengu reaver
 30651 | D:14     | Killed a tengu reaver
 30954 | D:14     | Identified 3 scrolls of acquirement
 30955 | D:14     | Acquired a manual of Spellcasting
 30957 | D:14     | Acquired the +5 quick blade of Hard Scrabble {vamp, Int+5
                  | Dex+4 Stlth-}
 30960 | D:14     | Acquired a manual of Short Blades
 31120 | D:14     | Identified the +0 leather armour of Xagourin {rElec Str-2
                  | Dex+3}
 31268 | D:15     | Entered Level 15 of the Dungeon
 32140 | D:15     | Reached skill level 13 in Fighting
 32528 | D:15     | Found a staircase to the Depths.
 33241 | D:9      | Identified the ring "Tingeoh" {rF+ MP+9 Int+4 Dex+2}
 33252 | D:9      | Identified the +1 helmet "Efanoujo" {rElec rPois rF+}
 33517 | D:8      | Killed arthad's ghost
 33671 | Spider:1 | Entered Level 1 of the Spider Nest
 33729 | Spider:1 | Noticed an emperor scorpion
 33942 | Spider:1 | Reached XP level 17. HP: 121/127 MP: 0/0
 33942 | Spider:1 | Learned a level 7 spell: Ozocubu's Refrigeration
 34456 | Spider:1 | Reached skill level 10 in Dodging
 34955 | Spider:2 | HP: 2/128 [culicivora (30)]
 34955 | Spider:2 | Slain by a culicivora

Illustrated notes

Levels and vault maps discovered:
D:1:      psy_arrival_fountain, layout_basic, minmay_cut_off
D:2:      layout_rooms, serial_corexii_hall, corexii_hall_statues_x,
          corexii_hall_statues_u, corexii_hall_statues_i,
          chequers_hall_statues_y, corexii_hall_statues_s,
          corexii_hall_statues_s
D:3:      layout_rooms, kennysheep_slug_shrine,
          chequers_temple_overflow_statue_of_worship,
          ebering_ecumenical_altar_sacrificial, uniq_robin
D:4:      minmay_bubble_buster, layout_loops_corners,
          palyth_temple_overflow_mages, minmay_temple_entry_large_hall
D:5:      minmay_clustersquares, layout_cave_pools, minitemple,
          mainiacjoe_overflow_swirl, mainiacjoe_overflow_brackets
D:6:      kennysheep_six_static_rooms, layout_layer_cave, enter_ossuary_1,
          serial_shops, shop, nicolae_eternal_life
D:7:      layout_gridville, minivault_14, uniq_menkaure
D:8:      layout_basic, grunt_temple_overflow_order_and_chaos_2,
          hellmonk_ghost_happy_afterlife, corner_web_ring,
          kennysheep_small_circle
D:9:      minmay_gate_of_8, layout_irregular_city, grunt_temple_overflow_open,
          mainiacjoe_overflow_boulevard, orc_0_dummy, serial_glass,
          glass_columns_a, glass_columns_c, due_unseen_surprise,
          feat_on_display, feat_on_display, feat_on_display
D:10:     layout_layer_cave, chequers_garden
D:11:     layout_basic, due_lair_maze_entry_diamond, uniq_fannar
D:12:     layout_loops_ring, gammafunk_ghost_mausoleum,
          hangedman_abyss_or_decor_clamps, hangedman_abyss_or_decor_passed,
          minmay_misc_feat_x, introduction_to_nature_1
D:13:     layout_roguey, erik_vaults_2, hellmonk_bongcloud_opening,
          hangedman_decor_lopped, uniq_urug, uniq_erolcha
D:14:     layout_loops_cross, chequers_big_river, minmay_radiant
D:15:     grunt_enter_depths_magical_seal, layout_basic
Temple:   ebering_the_none_and_only
Lair:1:   beast_lair_carwin_large_4, layout_loops_ring,
          nicolae_volcano_entry_hallway, pond, uniq_amaemon, uniq_grum
Lair:2:   layout_regular_city, elwin_shoals_entry_rooms, spider_nest_entry_a,
          infiniplex_staircase_pool_2, lemuel_fruit_tree
Lair:3:   layout_small_grid, gauntlet_entry_generic
Lair:4:   layout_long_grid, minivault_24
Lair:5:   due_jungle_book, layout_big_grid, slime_entry_1,
          nicolae_lair_time_for_slime, serial_bayou_shore_a
Spider:1: layout_spider_delve
Spider:2: layout_spider_delve
Orc:1:    layout_caves, basic_altar, serial_shops, shop, uniq_maurice
Orc:2:    st_orc_mages, layout_diamond_mine

Skill      XL: |  1  2  3  4  5  6  7  8  9 10 11 12 13 14 15 16 17 |
---------------+----------------------------------------------------+-----
Fighting       | 1 2 3 4 5 7 8 9 10 11 12 13 | 13.6
Armour         | 1 2 3 4 5 6 7 8 9 10 | 10.0
Stealth        | 2 |  2.0
Dodging        | 3 5 6 8 9 10 | 10.0
Spellcasting   | 3 4 5 6 7 8 9 10 11 | 11.7
Shields        | 1 2 3 5 7 8 9 10 11 12 | 12.8
Evocations     | 1 2 3 |  3.0
Short Blades   | 1 2 3 5 7 8 9 10 11 12 | 12.9
Throwing       | 1 |  1.0
Invocations    | 1 3 |  3.0

Action                   |  1- 3 |  4- 6 |  7- 9 | 10-12 | 13-15 | 16-18 || total
-------------------------+-------+-------+-------+-------+-------+-------++-------
Melee: Rapier            |       |    16 |    29 |    90 |   377 |    76 ||   588
       Punch             |       |       |     1 |     1 |       |       ||     2
       Quick blade       |       |       |       |       |       |   235 ||   235
 Cast: Foxfire           |    73 |   143 |   160 |   445 |   652 |   246 ||  1719
       Scorch            |       |    23 |    92 |   201 |   387 |   188 ||   891
       Kindle Blastspark |       |       |     2 |    11 |     2 |       ||    15
       Sandblast         |       |       |     1 |       |    35 |    30 ||    66
       Animate Armour    |       |       |       |     3 |    43 |    26 ||    72
       Swiftness         |       |       |       |     2 |       |     1 ||     3
       Flame Wave        |       |       |       |    13 |    27 |    34 ||    74
       Ensorcelled Hiber |       |       |       |     2 |     1 |       ||     3
       Inner Flame       |       |       |       |       |     1 |       ||     1
Evoke: Wand              |       |       |       |     1 |     1 |       ||     2
       Phial of floods   |       |       |       |       |     1 |     1 ||     2
       Lightning rod     |       |       |       |       |       |     1 ||     1
  Use: Scroll            |       |     1 |    12 |    11 |     9 |     9 ||    42
       Potion            |       |       |       |     1 |     9 |     1 ||    11
 Stab: Sleeping          |       |     2 |     1 |       |       |       ||     3
       Distracted        |       |       |       |       |     2 |     2 ||     4
Armor: Leather armour    |       |     7 |    35 |    32 |       |       ||    74
       Robe              |       |     1 |       |       |       |       ||     1
       Acid dragon scale |       |       |       |    32 |   124 |       ||   156
       Ring mail         |       |       |       |       |    76 |   108 ||   184
Dodge: Dodged            |     2 |    26 |    48 |   158 |   233 |   146 ||   613
Block: Kite shield       |       |       |       |    17 |   445 |   607 ||  1069
       Other             |       |       |       |     8 |       |       ||     8
       Buckler           |       |       |       |    40 |   123 |       ||   163
       Reflection        |       |       |       |     2 |     4 |       ||     6

Table legend: (Time is in decaauts)
 A = Elapsed time spent in this place.
 B = Non-inter-level travel time spent in this place.
 C = Inter-level travel time spent in this place.
 D = Time resting spent in this place.
 E = Time spent auto-exploring this place.
 F = Levels seen in this place.
 G = Mean time per level.
                   A        B        C        D        E       F      G
               +--------+--------+--------+--------+--------+-----+--------+
         Total |  34770 |  32592 |   2178 |   8328 |  15992 |  28 | 1241.8 |
       Dungeon |  20693 |  19165 |   1528 |   4084 |  10671 |  15 | 1379.5 |
        Temple |     43 |     43 |      0 |      0 |      6 |   1 |   43.0 |
          Lair |   7926 |   7380 |    546 |   2003 |   3606 |   5 | 1585.2 |
   Spider Nest |    763 |    728 |     35 |      0 |    439 |   2 |  381.5 |
  Orcish Mines |   2807 |   2740 |     67 |   1138 |    938 |   2 | 1403.5 |
       Ossuary |    590 |    590 |      0 |    375 |     48 |   1 |  590.0 |
       Volcano |   1005 |   1005 |      0 |    271 |     90 |   1 | 1005.0 |
      Gauntlet |    939 |    939 |      0 |    457 |    194 |   1 |  939.0 |
               +--------+--------+--------+--------+--------+-----+--------+

Top non-repeatable levels by time:
  Lair:5: 2412 daAuts
  Lair:2: 2334 daAuts
    D:10: 2259 daAuts
     D:8: 2128 daAuts
     D:9: 1895 daAuts
   Orc:2: 1689 daAuts
     D:6: 1531 daAuts
    D:11: 1522 daAuts
     D:4: 1521 daAuts
  Lair:1: 1352 daAuts
    D:14: 1265 daAuts
    D:15: 1248 daAuts
    D:13: 1247 daAuts
    D:12: 1216 daAuts
     D:7: 1175 daAuts
